AoeStats
← ElChupetometro

Black Forest

509740372Analyzed
4v4 RM · 4d ago on Sep 27, 2026· 45m 56s· 8 players
Game mode
Random Map
Map size
Large (8 player)
Population
200
Speed
Normal
Resources
Standard
Victory
Conquest
Starting age
Dark Age
Ending age
Imperial Age
RankedLock teamsTeams togetherTeam positionsShared explorationLock speedFull tech treeHidden civsTurbo modeCheats
Victory
Defeat
🇮🇱 Mongols · Israel
1203
+14
🇺🇸 Hindustanis · United States
1165
+16
🇬🇷 Huns · Greece
1146
+16
🇺🇸 Danes · United States
1095
+19
🇨🇴 Magyars · Colombia
1183
-17
🇦🇷 Spanish · Argentina
1170
-17
🇦🇷 Franks · Argentina
1141
-16
🇨🇴 Vietnamese · Colombia
1125
-15
ElChupetometro
5:06 Loom
10:18 Feudal Age
10:50 Double-Bit Axe
17:51 Castle Age
16:48 Forging
16:54 Scale Barding Armor
17:32 Gold Mining
19:27 Gold Shaft Mining
18:59 Husbandry
23:08 Wheelbarrow
23:40 Town Watch
25:17 Hand Cart
25:16 Stone Mining
27:05 Chain Barding Armor
30:10 Imperial Age
28:46 Bow Saw
30:02 Iron Casting
29:50 Chain Barding Armor
30:27 Caravan
30:34 Cavalier
32:53 Ballistics
33:34 Chemistry
34:32 Conscription
34:49 Paladin
38:15 Elite Throwing Axeman
39:34 Town Patrol
41:22 Siege Engineers
41:27 Masonry
42:22 Blast Furnace
41:57 Plate Barding Armor
41:23 Padded Archer Armor
41:14 Fletching
45:45 Leather Archer Armor
45:25 Bodkin Arrow
Cookie Monster
0:28 Loom
7:12 Loom
10:20 Feudal Age
11:01 Man-at-Arms
12:34 Arson
22:00 Castle Age
20:50 Double-Bit Axe
21:16 Horse Collar
21:41 Scale Mail Armor
22:03 Gold Mining
23:05 Wheelbarrow
22:16 Long Swordsman
23:49 Chain Mail Armor
24:13 Heavy Plow
26:57 Bow Saw
28:57 Hand Cart
31:08 Stone Mining
31:53 Gold Shaft Mining
40:53 Imperial Age
40:22 Pikeman
41:16 Two-Handed Swordsman
41:17 Halberdier
42:08 Champion
44:02 Two-Man Saw
42:41 Capped Ram
45:55 Town Watch
CyclicGnat62091
0:37 Loom
11:46 Feudal Age
18:20 Castle Age
16:46 Double-Bit Axe
16:49 Horse Collar
20:30 Bow Saw
23:14 Wheelbarrow
22:24 Town Watch
26:08 Hand Cart
26:21 Scale Barding Armor
28:44 Town Patrol
29:20 Chain Barding Armor
29:11 Forging
33:35 Imperial Age
32:02 Husbandry
32:12 Bloodlines
32:12 Caravan
32:51 Iron Casting
32:37 Heavy Plow
32:32 Gold Mining
34:14 Elite Conquistador
36:49 Plate Barding Armor
38:08 Blast Furnace
37:43 Stone Mining
37:52 Man-at-Arms
38:18 Gambesons
40:09 Chemistry
46:11 Scale Mail Armor
PILDORO
0:27 Loom
14:37 Feudal Age
19:59 Castle Age
18:35 Double-Bit Axe
18:32 Horse Collar
21:32 Wheelbarrow
24:43 Fletching
25:00 Stone Mining
30:40 Gold Mining
35:20 Squires
36:01 Pikeman
37:32 Forging
37:17 Bodkin Arrow
40:12 Iron Casting
39:39 Scale Mail Armor
39:54 Bloodlines
39:44 Husbandry
fleashwound
0:30 Loom
11:36 Feudal Age
16:06 Castle Age
16:46 Stone Mining
16:55 Fletching
19:15 Bodkin Arrow
23:06 Double-Bit Axe
27:14 Masonry
27:02 Murder Holes
27:17 Horse Collar
29:23 Husbandry
30:26 Bloodlines
30:46 Forging
32:17 Grand Trunk Road
33:22 Scale Barding Armor
34:21 Iron Casting
34:36 Wheelbarrow
33:47 Town Watch
36:07 Hand Cart
40:10 Imperial Age
38:46 Chain Barding Armor
40:21 Heavy Camel Rider
42:54 Blast Furnace
42:30 Plate Barding Armor
43:09 Conscription
43:01 Imperial Camel Rider
47:13 Chemistry
46:34 Ballistics
LJF_
7:09 Loom
12:15 Feudal Age
16:11 Castle Age
14:00 Horse Collar
14:15 Double-Bit Axe
16:53 Wheelbarrow
20:07 Gambesons
22:56 Scale Mail Armor
24:30 Squires
28:30 Chain Mail Armor
28:06 Arson
28:28 Pikeman
29:51 Town Watch
29:44 Man-at-Arms
34:39 Imperial Age
32:55 Bow Saw
32:55 Long Swordsman
34:05 Forging
34:24 Masonry
34:53 Hand Cart
36:01 Siege Engineers
37:04 Onager
37:14 Halberdier
40:41 Elite Varangian Guard
40:43 Two-Handed Swordsman
41:57 Plate Mail Armor
45:28 Iron Casting
44:52 Champion
47:35 Blast Furnace
Mike
0:59 Loom
11:14 Feudal Age
11:27 Feudal Age
12:53 Double-Bit Axe
15:27 Castle Age
13:24 Horse Collar
16:51 Bow Saw
25:21 Scale Mail Armor
25:38 Heavy Plow
25:21 Man-at-Arms
26:29 Forging
26:17 Long Swordsman
27:14 Chain Mail Armor
33:38 Wheelbarrow
34:28 Arson
34:43 Squires
35:44 Hand Cart
34:56 Pikeman
35:34 Stone Mining
35:34 Gold Mining
37:16 Bloodlines
37:06 Husbandry
37:13 Scale Barding Armor
38:08 Husbandry
40:29 Iron Casting
45:30 Imperial Age
46:50 Plate Mail Armor
47:21 Blast Furnace
45:42 Two-Handed Swordsman
boo
10:26 Feudal Age
14:28 Castle Age
13:40 Double-Bit Axe
13:37 Horse Collar
18:04 Bow Saw
24:11 Wheelbarrow
24:55 Gold Mining
24:56 Stone Mining
26:40 Gold Shaft Mining
26:20 Pikeman
27:33 Husbandry
27:44 Bloodlines
27:42 Scale Barding Armor
27:38 Scale Mail Armor
27:49 Forging
31:28 Imperial Age
30:27 Chain Barding Armor
30:23 Chain Mail Armor
32:14 Iron Casting
31:38 Cavalier
34:25 Plate Barding Armor
33:13 Paladin
38:02 Conscription
40:35 Chemistry
40:26 Capped Ram
41:10 Halberdier
41:51 Squires
43:19 Blast Furnace
42:35 Siege Ram
Connection lost

Rejoining the realm…

Still unreachable

The connection could not be restored.

Session expired

The server has moved on; the page needs a fresh start.